PBL
LONDON MAJORS @ HAMILTON CARDINALS
08/29/2046
 
TOP OF THE 1ST
London Majors batting - Pitching for Hamilton Cardinals : RHP Jason Meade
Pitching: RHP Jason Meade
Batting: RHB Jorge Cruz 0-0: Ball
1-0: SINGLE (Line Drive, 3D, EV 99.4 MPH)
Batting: RHB Manny Elizondo 0-0: Ball
Jorge Cruz is caught stealing 2nd base 2-4
1-0: Called Strike
1-1: Ball
2-1: Foul Ball, location: 2F
2-2: Foul Ball, location: 2F
2-2: Foul Ball, location: 2F
2-2: Foul Ball, location: 2F
2-2: Ground out 6-3 (Groundball, 6M, EV 105.0 MPH)
Batting: RHB Mike Chamberlain 0-0: Called Strike
0-1: Ball
1-1: Called Strike
1-2: Fly out, F9 (Flyball, 9D, EV 110.0 MPH)
Top of the 1st over - 0 runs, 1 hit, 0 errors, 0 left on base; London 0 - Hamilton 0
BOTTOM OF THE 1ST
Hamilton Cardinals batting - Pitching for London Majors : RHP Bradley Carriere
Pitching: RHP Bradley Carriere
Batting: RHB Chris Rouleau 0-0: Ball
1-0: Foul Ball, location: 2F
1-1: Ball
2-1: Ball
3-1: Foul Ball, location: 2F
3-2: SINGLE (Groundball, 56D, EV 94.4 MPH)
Batting: LHB Ken Morehead 0-0: Ball
1-0: Foul Ball, location: 2F
1-1: Ball
2-1: Ball
3-1: Base on Balls
Chris Rouleau to second
Batting: SHB Steve Langlois 0-0: Ball
1-0: SINGLE (Line Drive, 4M, EV 96.2 MPH)
Chris Rouleau to third
Ken Morehead to second
Batting: SHB Justin Houser 0-0: Called Strike
0-1: Foul Ball, location: 2F
0-2: Ball
1-2: Strikes out looking
Batting: RHB McGwire Jones 0-0: Called Strike
0-1: Ground out 6-3 (Groundball, 6S, EV 73.1 MPH)
Chris Rouleau scores
Ken Morehead to third
Steve Langlois to second
Batting: RHB Joey Black 0-0: Called Strike
0-1: Ball
1-1: Ball
2-1: Called Strike
2-2: Ball
3-2: Fly out, F8 (Line Drive, 8RM, EV 91.2 MPH)
Bottom of the 1st over - 1 run, 2 hits, 0 errors, 2 left on base; London 0 - Hamilton 1
TOP OF THE 2ND
London Majors batting - Pitching for Hamilton Cardinals : RHP Jason Meade
Batting: RHB Dustin Bargman 0-0: Called Strike
0-1: Foul Ball, location: 2F
0-2: Ball
1-2: Strikes out swinging
Batting: RHB Luis Vargas 0-0: Called Strike
0-1: Ball
1-1: Foul Ball, location: 2F
1-2: Foul Ball, location: 2F
1-2: Ball
2-2: Fly out, F8 (Flyball, 8RD, EV 95.6 MPH)
Batting: RHB Rudolph Lentz 0-0: Ball
1-0: Ball
2-0: Called Strike
2-1: Ball
3-1: Called Strike
3-2: Strikes out swinging
Top of the 2nd over - 0 runs, 0 hits, 0 errors, 0 left on base; London 0 - Hamilton 1
BOTTOM OF THE 2ND
Hamilton Cardinals batting - Pitching for London Majors : RHP Bradley Carriere
Batting: RHB Johnny Lowe 0-0: Ball
1-0: Called Strike
1-1: Called Strike
1-2: Ball
2-2: Ball
3-2: Strikes out swinging
Batting: RHB Sal Guzman 0-0: SINGLE (Groundball, 6, EV 95.6 MPH)
Batting: RHB Pablo Nunez 0-0: Swinging Strike
0-1: Foul Ball, location: 2F
0-2: Foul Ball, location: 2F
0-2: Ball
1-2: Foul Ball, location: 2F
1-2: Foul Ball, location: 2F
1-2: Strikes out looking
Batting: RHB Chris Rouleau 0-0: Called Strike
Sal Guzman steals 2nd base
0-1: Ball
1-1: SINGLE (Groundball, 6S, EV 66.9 MPH) (infield hit)
Sal Guzman to third
Batting: LHB Ken Morehead 0-0: Ball
1-0: Ball
2-0: Called Strike
2-1: Called Strike
2-2: Ball
3-2: Foul Ball, location: 2F
3-2: Fly out, F8 (Line Drive, 8LM, EV 94.4 MPH)
Bottom of the 2nd over - 0 runs, 2 hits, 0 errors, 2 left on base; London 0 - Hamilton 1
TOP OF THE 3RD
London Majors batting - Pitching for Hamilton Cardinals : RHP Jason Meade
Batting: RHB Mikey Sano 0-0: Swinging Strike
0-1: Ball
1-1: Ball
2-1: Foul Ball, location: 2F
2-2: Strikes out swinging
Batting: SHB Toby Patenaude 0-0: Foul Ball, location: 2F
0-1: Foul Ball, location: 2F
0-2: Ball
1-2: Ground out U3 (Groundball, 3, EV 80.6 MPH)
Batting: RHB Lao-che Zhu 0-0: Foul Ball, location: 2F
0-1: Foul Ball, location: 2F
0-2: Ball
1-2: Strikes out swinging
Top of the 3rd over - 0 runs, 0 hits, 0 errors, 0 left on base; London 0 - Hamilton 1
BOTTOM OF THE 3RD
Hamilton Cardinals batting - Pitching for London Majors : RHP Bradley Carriere
Batting: SHB Steve Langlois 0-0: Called Strike
0-1: Ball
1-1: Fly out, F8 (Flyball, 8RD, EV 82.5 MPH)
Batting: SHB Justin Houser 0-0: Foul Ball, location: 2F
0-1: Ball
1-1: Foul Ball, location: 2F
1-2: Fly out, F8 (Flyball, 8RXD, EV 106.9 MPH)
Batting: RHB McGwire Jones 0-0: Swinging Strike
0-1: Foul Ball, location: 2F
0-2: Strikes out swinging
Bottom of the 3rd over - 0 runs, 0 hits, 0 errors, 0 left on base; London 0 - Hamilton 1
TOP OF THE 4TH
London Majors batting - Pitching for Hamilton Cardinals : RHP Jason Meade
Batting: RHB Jorge Cruz 0-0: Fly out, F9 (Flyball, 9D, EV 94.4 MPH)
Batting: RHB Manny Elizondo 0-0: Called Strike
0-1: Called Strike
0-2: Ball
1-2: Foul Ball, location: 2F
1-2: Strikes out swinging
Batting: RHB Mike Chamberlain 0-0: Ball
1-0: Called Strike
1-1: Ball
2-1: Foul Ball, location: 2F
2-2: Ball
3-2: SINGLE (Line Drive, 34D, EV 96.9 MPH)
Batting: RHB Dustin Bargman 0-0: Ball
1-0: Ball
2-0: Swinging Strike
2-1: Ball
3-1: Base on Balls
Mike Chamberlain to second
Batting: RHB Luis Vargas 0-0: Ball
1-0: Ball
Wild Pitch!
Mike Chamberlain to third
Dustin Bargman to second
2-0: Ground out 5-3 (Groundball, 56S, EV 62.5 MPH)
Top of the 4th over - 0 runs, 1 hit, 0 errors, 2 left on base; London 0 - Hamilton 1
BOTTOM OF THE 4TH
Hamilton Cardinals batting - Pitching for London Majors : RHP Bradley Carriere
Batting: RHB Joey Black 0-0: Foul Ball, location: 2F
0-1: Swinging Strike
0-2: Foul Ball, location: 2F
0-2: Ground out 1-3 (Groundball, 13S, EV 70.0 MPH)
Batting: RHB Johnny Lowe 0-0: Ball
1-0: Foul Ball, location: 2F
1-1: Ball
2-1: Ball
3-1: SINGLE (Line Drive, 7LS, EV 108.1 MPH)
Batting: RHB Sal Guzman 0-0: Hit by Pitch
Johnny Lowe to second
Batting: RHB Pablo Nunez 0-0: Ball
1-0: Grounds into double play, 5-4-3 (Groundball, 56S, EV 82.5 MPH)
Bottom of the 4th over - 0 runs, 1 hit, 0 errors, 1 left on base; London 0 - Hamilton 1
TOP OF THE 5TH
London Majors batting - Pitching for Hamilton Cardinals : RHP Jason Meade
Batting: RHB Rudolph Lentz 0-0: Swinging Strike
0-1: Ball
1-1: Ball
2-1: Swinging Strike
2-2: Ball
3-2: Base on Balls
Batting: RHB Mikey Sano 0-0: Fly out, F9 (Flyball, 9, EV 84.4 MPH)
Batting: SHB Toby Patenaude 0-0: Fly out, F7 (Flyball, 7, EV 96.9 MPH)
Batting: RHB Lao-che Zhu 0-0: Fly out, F8 (Flyball, 8RM, EV 91.9 MPH)
Top of the 5th over - 0 runs, 0 hits, 0 errors, 1 left on base; London 0 - Hamilton 1
BOTTOM OF THE 5TH
Hamilton Cardinals batting - Pitching for London Majors : RHP Bradley Carriere
Batting: RHB Chris Rouleau 0-0: Ball
1-0: Called Strike
1-1: Foul Ball, location: 2F
1-2: Strikes out swinging
Batting: LHB Ken Morehead 0-0: Fly out, F8 (Flyball, 78M, EV 91.2 MPH)
Batting: SHB Steve Langlois 0-0: Ball
1-0: Foul Ball, location: 2F
1-1: Foul Ball, location: 2F
1-2: Foul Ball, location: 2F
1-2: Ball
2-2: Ball
3-2: Base on Balls
Batting: SHB Justin Houser 0-0: Ball
1-0: Foul Ball, location: 2F
1-1: Foul Ball, location: 2F
1-2: Ball
2-2: Ball
3-2: Foul Ball, location: 2F
3-2: Foul Ball, location: 2F
3-2: Base on Balls
Steve Langlois to second
Batting: RHB McGwire Jones 0-0: Called Strike
0-1: Ball
1-1: Foul Ball, location: 2F
1-2: Foul Ball, location: 2F
1-2: Fly out, F8 (Flyball, 8RS, EV 76.2 MPH)
Bottom of the 5th over - 0 runs, 0 hits, 0 errors, 2 left on base; London 0 - Hamilton 1
TOP OF THE 6TH
London Majors batting - Pitching for Hamilton Cardinals : RHP Jason Meade
Batting: RHB Jorge Cruz 0-0: Called Strike
0-1: Swinging Strike
0-2: Foul Ball, location: 2F
0-2: Ball
1-2: TRIPLE (Line Drive, 78XD, EV 103.1 MPH)
Batting: RHB Manny Elizondo 0-0: Ball
1-0: Called Strike
1-1: Foul Ball, location: 2F
1-2: Strikes out swinging
Pitching: LHP Gonnohyoe Hata
Batting: RHB Mike Chamberlain 0-0: Ball
1-0: Foul Ball, location: 2F
1-1: Swinging Strike
1-2: Strikes out looking
Batting: RHB Dustin Bargman 0-0: Called Strike
0-1: Ball
1-1: Foul Ball, location: 2F
1-2: Foul Ball, location: 2F
1-2: Strikes out swinging
Top of the 6th over - 0 runs, 1 hit, 0 errors, 1 left on base; London 0 - Hamilton 1
BOTTOM OF THE 6TH
Hamilton Cardinals batting - Pitching for London Majors : RHP Bradley Carriere
Batting: RHB Joey Black 0-0: Ball
1-0: Swinging Strike
1-1: Called Strike
1-2: Fly out, F7 (Flyball, 78M, EV 81.2 MPH)
Batting: RHB Johnny Lowe 0-0: Ball
1-0: Swinging Strike
1-1: Ball
2-1: SINGLE (Line Drive, 8RS, EV 96.9 MPH)
Batting: RHB Sal Guzman 0-0: Called Strike
0-1: Ball
1-1: Foul Ball, location: 2F
1-2: Grounds into double play, 4-6-3 (Groundball, 34, EV 86.9 MPH)
Bottom of the 6th over - 0 runs, 1 hit, 0 errors, 0 left on base; London 0 - Hamilton 1
TOP OF THE 7TH
London Majors batting - Pitching for Hamilton Cardinals : LHP Gonnohyoe Hata
Batting: RHB Luis Vargas 0-0: Called Strike
0-1: Ball
1-1: Fly out, F9 (Flyball, 9, EV 76.9 MPH)
Pinch Hitting: RHB Brandon Williams 0-0: Called Strike
0-1: Swinging Strike
0-2: Strikes out looking
Batting: RHB Mikey Sano 0-0: Ball
1-0: Called Strike
1-1: Called Strike
1-2: Ball
2-2: Strikes out swinging
Top of the 7th over - 0 runs, 0 hits, 0 errors, 0 left on base; London 0 - Hamilton 1
BOTTOM OF THE 7TH
Hamilton Cardinals batting - Pitching for London Majors : RHP Bradley Carriere
Pitching: RHP Josh Long
Now in RF: Pete Duncan
Batting: RHB Pablo Nunez 0-0: Swinging Strike
0-1: Foul Ball, location: 2F
0-2: Ball
1-2: Ball
2-2: Strikes out swinging
Batting: RHB Chris Rouleau 0-0: Ball
1-0: Foul Ball, location: 2F
1-1: Foul Ball, location: 2F
1-2: Ground out 5-3 (Groundball, 5, EV 103.1 MPH)
Batting: LHB Ken Morehead 0-0: Ball
1-0: Ball
2-0: Ball
3-0: Base on Balls
Batting: SHB Steve Langlois 0-0: Foul Ball, location: 2F
0-1: Ball
1-1: Ball
2-1: Foul Ball, location: 2F
2-2: Foul Ball, location: 2F
2-2: Strikes out swinging
Bottom of the 7th over - 0 runs, 0 hits, 0 errors, 1 left on base; London 0 - Hamilton 1
TOP OF THE 8TH
London Majors batting - Pitching for Hamilton Cardinals : LHP Gonnohyoe Hata
Batting: SHB Toby Patenaude 0-0: Called Strike
0-1: Swinging Strike
0-2: Ball
1-2: Strikes out swinging
Pinch Hitting: SHB Kevin Watson 0-0: Swinging Strike
0-1: Called Strike
0-2: Strikes out looking
Pinch Hitting: RHB Terry Plumley 0-0: Ball
1-0: Foul Ball, location: 2F
1-1: Swinging Strike
1-2: Ball
2-2: Ball
3-2: Base on Balls
Pinch Hitting: RHB Mark Noftall 0-0: Called Strike
0-1: Called Strike
0-2: Strikes out swinging
Top of the 8th over - 0 runs, 0 hits, 0 errors, 1 left on base; London 0 - Hamilton 1
BOTTOM OF THE 8TH
Hamilton Cardinals batting - Pitching for London Majors : RHP Josh Long
Now at 1B: Mark Noftall
Now at 3B: Terry Plumley
Now at SS: Kevin Watson
Now in CF: Mike Chamberlain
Batting: SHB Justin Houser 0-0: Called Strike
0-1: Swinging Strike
0-2: Ball
1-2: Ball
2-2: Ball
3-2: Foul Ball, location: 2F
3-2: Base on Balls
Batting: RHB McGwire Jones 0-0: Called Strike
0-1: Ball
Justin Houser steals 2nd base
1-1: Ball
2-1: Ball
3-1: Base on Balls
Batting: RHB Joey Black 0-0: Called Strike
0-1: Fielders Choice at 2nd, 4-6 (Groundball, 4, EV 86.9 MPH)
Justin Houser to third
Batting: RHB Johnny Lowe 0-0: Ball
Joey Black steals 2nd base
1-0: Ball
2-0: Ball
3-0: Called Strike
3-1: Base on Balls
Batting: RHB Sal Guzman 0-0: Called Strike
0-1: SINGLE (Groundball, 6, EV 91.2 MPH) (infield hit)
Justin Houser scores
Joey Black to third
Johnny Lowe to second
Pitching: RHP Chris Mansfield
Batting: RHB Pablo Nunez 0-0: Ball
1-0: Grounds into fielders choice 4-2 (Groundball, 34S, EV 81.2 MPH)
Johnny Lowe to third
Sal Guzman to second
Batting: RHB Chris Rouleau 0-0: Fly out, F9 (Flyball, 89M, EV 80.6 MPH)
Bottom of the 8th over - 1 run, 1 hit, 0 errors, 3 left on base; London 0 - Hamilton 2
TOP OF THE 9TH
London Majors batting - Pitching for Hamilton Cardinals : LHP Gonnohyoe Hata
Batting: RHB Mike Chamberlain 0-0: Foul Ball, location: 2F
0-1: Ball
1-1: Called Strike
1-2: Foul Ball, location: 2F
1-2: Ball
2-2: Strikes out swinging
Batting: RHB Dustin Bargman 0-0: Ball
1-0: SINGLE (Groundball, 56D, EV 80.6 MPH) (infield hit)
Batting: RHB John Rios 0-0: Called Strike
0-1: Ball
1-1: Ball
2-1: Foul Ball, location: 2F
2-2: Ball
3-2: Ground out 4-3 (Groundball, 4, EV 78.8 MPH)
Dustin Bargman to second
Batting: RHB Pete Duncan 0-0: Called Strike
0-1: Ball
1-1: Ball
2-1: Foul Ball, location: 2F
2-2: Ball
3-2: Base on Balls
Pinch Hitting: RHB David Gamez 0-0: Ball
1-0: Ball
2-0: Foul Ball, location: 2F
2-1: Called Strike
2-2: Fly out, F8 (Line Drive, 89M, EV 90.6 MPH)
Top of the 9th over - 0 runs, 1 hit, 0 errors, 2 left on base; London 0 - Hamilton 2
Tuesday, September 13th , 2022 - OOTP Baseball 23.7 Build 88